 Dungeon Crawl Stone Soup version 0.21.1-1-g345015f (webtiles) character file.

105 theblackcape the Slasher (level 4, -13/31 HPs)
             Began as a Demonspawn Monk on July 7, 2018.
             Was a Priest of Hepliaklqana.
             Killed from afar by lotte's ghost (16 damage)
             ... with a stone arrow
             ... on level 3 of the Dungeon.
             The game lasted 00:09:48 (1722 turns).

theblackcape the Slasher (Demonspawn Monk)          Turns: 1722, Time: 00:09:48

Health: -13/31     AC:  9    Str: 12    XL:     4   Next: 53%
Magic:  4/4        EV: 10    Int: 11    God:    Hepliaklqana [***...]
Gold:   136        SH:  0    Dex: 16    Spells: 3/3 levels left

rFire    . . .     SeeInvis .   a - +0 falchion
rCold    . . .     Gourm    .   (no shield)
rNeg     . . .     Faith    .   f - +0 scale mail (curse)
rPois    +         Spirit   .   (no helmet)
rElec    .         Reflect  .   (no cloak)
rCorr    .         Harm     .   j - +0 pair of gloves
MR       .....                  (no boots)
Stlth    ++........             (no amulet)
HPRegen  0.10/turn              d - ring of poison resistance
MPRegen  0.09/turn              g - ring of flight (curse)

@: no status effects
A: reduced essence, thin metallic scales 1, nightstalker 1
a: Recall Ancestor, Ancestor Identity, Transference, Renounce Religion, Evoke
Flight


You were on level 3 of the Dungeon.
You worshipped Hepliaklqana.
Hepliaklqana was most pleased with you.
You were not hungry.

You visited 1 branch of the dungeon, and saw 3 of its levels.

You collected 136 gold pieces.

Inventory:

Hand Weapons
 a - a +0 falchion (weapon)
Armour
 b - a +0 robe
 f - a cursed +0 scale mail (worn)
 j - a +0 pair of gloves (worn)
Jewellery
 d - a ring of poison resistance (left hand)
 g - a cursed ring of flight (right hand)
 m - a cursed ring of teleportation {unknown}
Scrolls
 e - 4 scrolls of teleportation {unknown}
 h - 2 scrolls of fear {unknown}
 i - 5 scrolls of identify {unknown}
 o - a scroll of magic mapping {unknown}
Potions
 k - a potion of ambrosia {unknown}
 l - 2 potions of might {unknown}
 n - a potion of flight {unknown}
 q - 2 potions of lignification {unknown}
 r - 2 potions of agility {unknown}
Comestibles
 c - 3 rations
 p - 9 chunks of flesh


   Skills:
 + Level 3.5 Fighting
 + Level 4.2 Long Blades
 + Level 3.1 Dodging
 - Level 1.7 Stealth


You had 3 spell levels left.
You didn't know any spells.

Dungeon Overview and Level Annotations

Branches:
Dungeon (3/15)

Altars:
Hepliaklqana

Annotations:
D:3 lotte's ghost, amateur DEEE


Innate Abilities, Weirdness & Mutations

You are partially covered in thin metallic scales. (AC +2)
You are slightly more attuned to the shadows.
Your life essence is reduced to manifest your ancestor. (-10% HP)


Message History

The hobgoblin is moderately wounded.
Lotte's ghost hits something.
The hobgoblin hits you with a club.
* * * LOW HITPOINT WARNING * * *
You hit the hobgoblin but do no damage.
The hobgoblin is moderately wounded.
Lotte's ghost hits something.
The hobgoblin hits you but does no damage.
You hit the hobgoblin.
The hobgoblin is severely wounded.
Lotte's ghost hits something.
The hobgoblin hits you but does no damage.
Lotte's ghost hits something.
You barely miss the hobgoblin.
The hobgoblin is severely wounded.
The hobgoblin barely misses you.
You riposte.
You hit the hobgoblin.
You kill the hobgoblin!
Lotte's ghost points at you and mumbles some strange words.
The stone arrow hits you!
Ouch! That really hurt!
You die...

8...8...8...# #.#
.≈.≈.≈.≈.≈.≈#.# #.#
..8...8...8.#.# #.##
.≈.≈.≈.≈.≈.≈... ...#
.8...8...8...#.# #..#####
.≈.≈.≈.≈.≈.≈.≈#.# ####......#
8...8...8)..8.#.# #...)...#
.≈.≈.≈.≈.≈.≈.≈#.######.......#
..8...8...8....@.............#
.≈.≈.≈.≈.≈.≈.w#.##...........#
8...8...8...8.#W##...........#
.≈.≈.≈.≈.≈.≈..R.##...........#
.............##.###..#.......#
#######......##.# ##.####+####
#......##.# #........#
#......##.#####.......#
##......##.##..........#


You could see the friendly Imogen the battlemage, lotte's ghost and a dart slug.

Vanquished Creatures
  An orc wizard (D:3)
  An ooze (D:1)
  3 dart slugs (D:1)
  3 giant cockroaches
  7 goblins
  4 hobgoblins
  3 kobolds
  3 ball pythons
  7 bats
  4 frilled lizards
  4 rats (D:1)
40 creatures vanquished.

Vanquished Creatures (collateral kills)
  An adder (D:2)
  A worm (D:2)
  A leopard gecko (D:2)
  5 orcs (D:3)
  2 goblins (D:3)
  A kobold (D:2)
  A rat (D:3)
12 creatures vanquished.

Grand Total: 52 creatures vanquished

Notes
Turn   | Place    | Note
-------+----------+-------------------------------------------
     0 | D:1      | theblackcape the Demonspawn Monk began the quest for the Orb.
     0 | D:1      | Reached XP level 1. HP: 18/18 MP: 1/1
   333 | D:1      | Gained mutation: You are partially covered in thin metallic scales. (AC +2) [demonic ancestry]
   333 | D:1      | Reached XP level 2. HP: 24/24 MP: 2/2
   348 | D:1      | Reached skill level 3 in Long Blades
   648 | D:1      | Reached XP level 3. HP: 29/29 MP: 3/3
  1088 | D:2      | Found a faded altar of an unknown god.
  1094 | D:2      | Became a worshipper of Hepliaklqana the Forgotten
  1094 | D:2      | Reached * piety under Hepliaklqana
  1094 | D:2      | Reached ** piety under Hepliaklqana
  1096 | D:2      | Remembered your ancestor Imogen as a battlemage
  1369 | D:2      | Reached *** piety under Hepliaklqana
  1545 | D:3      | Reached skill level 4 in Long Blades
  1545 | D:3      | Gained mutation: You are slightly more attuned to the shadows. [demonic ancestry]
  1545 | D:3      | Reached XP level 4. HP: 22/31 MP: 4/4
  1704 | D:3      | Noticed lotte's ghost (amateur DEEE)
  1722 | D:3      | Killed from afar by lotte's ghost

Skill      XL: |  1  2  3 |
---------------+----------+-----
Long Blades    | 3 4 |  4.2
Dodging        | 3 |  3.1
Fighting       | |  3.5
Stealth        | |  1.7

Action                   |  1- 3 |  4- 6 || total
-------------------------+-------+-------++-------
Melee: Falchion          |   119 |    20 ||   139
Invok: Recall Ancestor   |     1 |       ||     1
       Ancestor Life: Ba |     1 |       ||     1
       Ancestor Identity |     1 |       ||     1
 Stab: Sleeping          |     1 |       ||     1
       Distracted        |     1 |       ||     1
  Eat: Chunk             |     2 |     1 ||     3
Armor: Robe              |     4 |       ||     4
       Scale mail        |    72 |     8 ||    80
Dodge: Dodged            |    74 |    11 ||    85
       Rpst.: Falchion   |    25 |     4 ||    29
